 Dungeon Crawl Stone Soup version 0.27-a0-650-g8dd3ea4f36 (webtiles) character file.

Game seed: 17231005744565057597

13565 shoop the Cleaver (level 11, -4/105 HPs)
             Began as a Palentonga Abyssal Knight on Mar 16, 2021.
             Was a Priest of Lugonu.
             Slain by Urug
             ... wielding a +2 halberd
              (21 damage)
             ... on level 10 of the Dungeon.
             The game lasted 00:39:41 (14237 turns).

shoop the Cleaver (Palentonga Abyssal Knight)      Turns: 14237, Time: 00:39:41

Health: -4/105     AC: 15    Str: 23    XL:     11   Next: 77%
Magic:  18/18      EV:  9    Int: 14    God:    Lugonu [***...]
Gold:   383        SH:  0    Dex: 19    Spells: 10/12 levels left

rFire    . . .     SeeInvis +   L - +4 halberd (elec)
rCold    . . .     Faith    .   (shield currently unavailable)
rNeg     . . .     Spirit   .   G - +0 acid dragon scales
rPois    .         Reflect  .   (no helmet)
rElec    .         Harm     .   q - +0 cloak
rCorr    +         Rampage  .   H - +0 pair of gloves {Dex+3}
Will     .....                  (no barding)
Stlth    +.........             T - amulet of the acrobat
HPRegen  0.27/turn              j - +6 ring of dexterity
MPRegen  0.16/turn              R - +6 ring of strength

@: curled up
A: large, rugged brown scales 3, see invisible, deformed body, roll 1, armoured
tail, reflexive curl
a: Rolling Charge, Renounce Religion, Depart the Abyss, Bend Space, Banish


You were on level 10 of the Dungeon.
You worshipped Lugonu.
Lugonu was most pleased with you.
You visited 1 branch of the dungeon, and saw 10 of its levels.
You visited the Abyss 2 times.
You also visited: Bailey.

You collected 498 gold pieces.
You spent 115 gold pieces at shops.

Inventory:

Hand Weapons
 a - a +1 hand axe
 o - a +1 broad axe of draining
 v - a +0 whip of electrocution
 F - a +4 spear
 K - a +2 halberd of electrocution
 L - a +4 halberd of electrocution (weapon)
Missiles
 e - 3 throwing nets
 h - 53 poisoned darts (quivered)
 I - 71 boomerangs
 O - a curare-tipped dart
Armour
 b - a +0 leather armour
 q - a +0 cloak (worn)
 A - a +0 buckler
 C - a +3 ring mail
 G - +0 acid dragon scales (worn)
 H - a +0 pair of gloves of dexterity (worn)
Jewellery
 j - a +6 ring of dexterity (right hand)
 p - a ring of ice
 x - a ring of resist corrosion
 y - a ring of positive energy
 B - a ring of wizardry
 R - a +6 ring of strength (left hand)
 T - an amulet of the acrobat (around neck)
Wands
 d - a wand of acid (5)
 D - a wand of iceblast (2)
Scrolls
 f - 2 scrolls of enchant weapon {unknown}
 g - 4 scrolls of teleportation
 m - a scroll of fear {unknown}
 u - a scroll of fog {unknown}
 z - 3 scrolls of magic mapping {unknown}
 E - a scroll of immolation
 P - 3 scrolls of blinking
 Q - a scroll of summoning
 S - a scroll of enchant armour
 U - a scroll of vulnerability {unknown}
Potions
 c - a potion of resistance {unknown}
 i - 7 potions of heal wounds {unknown}
 k - a potion of degeneration
 l - 9 potions of curing
 n - a potion of flight {unknown}
 r - a potion of brilliance
 s - 3 potions of haste {unknown}
 t - 2 potions of lignification {unknown}
 w - a potion of attraction
 J - 3 potions of might
 M - 2 potions of mutation {unknown}
 N - 4 potions of magic {unknown}


   Skills:
 - Level 10.0 Fighting
 + Level 12.7 Axes
 - Level 1.0 Throwing
 - Level 2.0 Armour
 - Level 0.7 Dodging
 - Level 2.4 Shields
 - Level 1.0 Spellcasting
 - Level 1.0 Air Magic
 + Level 9.9 Invocations
 - Level 3.0 Evocations


You had 10 spell levels left.
You knew the following spells:

 Your Spells              Type           Power      Damage    Failure   Level
s - Swiftness             Air            3%         N/A       32%         2

Your spell library contained the following spells:

 Spells                   Type           Power      Damage    Failure   Level
 Shock                    Conj/Air       8%         1d3       26%         1
 Animate Skeleton         Necr           0%         N/A       32%         1
 Apportation              Tloc           0%         N/A       32%         1
 Corona                   Hex            0%         N/A       32%         1
 Magic Dart               Conj           0%         1d3       32%         1
 Summon Small Mammal      Summ           0%         N/A       32%         1
 Blink                    Tloc           N/A        N/A       43%         2
 Call Imp                 Summ           0%         N/A       43%         2
 Slow                     Hex            0%         N/A       43%         2
 Static Discharge         Conj/Air       2%         N/A       61%         3
 Mephitic Cloud           Conj/Pois/Air  1%         N/A       65%         3
 Conjure Flame            Conj/Fire      0%         6-21      67%         3
 Airstrike                Air            1%         N/A       91%         4
 Lightning Bolt           Conj/Air       1%         1d12      100%        5


Dungeon Overview and Level Annotations

Branches:
Dungeon (10/15)            Temple (0/1) D:7            Lair (0/6) D:10
 Bailey (visited)
    Orc: D:9-12

Altars:
Ashenzari
Cheibriados
Dithmenos
Gozag
Hepliaklqana
Kikubaaqudgha
Makhleb
Okawaru
Xom
Yredelemnul
Zin
The Shining One

Shops:
D:8 [

Annotations:
D:8 2 transporters, srzhan31's ghost, novice GrCj
D:9 Erolcha
D:10 Urug
Abyss:1 Joseph


Innate Abilities, Weirdness & Mutations

You are completely covered in rugged brown scales. (AC +3, +7% HP)
You have supernaturally acute eyesight. (SInv)
Armour fits poorly on your strangely shaped body.
You can roll at nearby foes to attack.
You have a long armoured tail.
You curl defensively after being hit.


Message History

Urug is severely wounded.
Urug hits you from afar with a +2 halberd!
Reach: L) +4 halberd (elec)
Press: ? - help, Dir - move target, f/p - Urug
Aim: Urug, wielding a +2 halberd, wearing a +0 scale mail and quivering silver javelins (severely wounded, about 38% to evade your +4 halberd of electrocution)
You reach to attack!
You closely miss Urug.
Urug is severely wounded.
Reach: L) +4 halberd (elec)
Press: ? - help, Dir - move target, f/p - Urug
Aim: Urug, wielding a +2 halberd, wearing a +0 scale mail and quivering silver javelins (severely wounded, about 38% to evade your +4 halberd of electrocution)
You reach to attack!
You hit Urug.
Urug is severely wounded.
Urug hits you from afar with a +2 halberd!!
* * * LOW HITPOINT WARNING * * *
The white imp gestures at you.
The puff of frost hits you but does no damage.
Urug hits you from afar with a +2 halberd!
* * * LOW HITPOINT WARNING * * *
Reach: L) +4 halberd (elec)
Press: ? - help, Dir - move target, f/p - Urug
Aim: Urug, wielding a +2 halberd, wearing a +0 scale mail and quivering silver javelins (severely wounded, about 38% to evade your +4 halberd of electrocution)
You reach to attack!
You slash Urug!
Urug is almost dead.
Urug completely misses you.
Aiming: Corrosive Bolt
Press: ? - help, Shift-Dir - straight line, f/p - Urug
Aim: Urug, wielding a +2 halberd, wearing a +0 scale mail and quivering silver javelins (almost dead, 33% to evade)
The bolt of acid hits the white imp!
The white imp is splashed with acid!
The acid corrodes the white imp!
You kill the white imp!
Lugonu accepts your kill.
The bolt of acid misses Urug.
Urug closely misses you.
Aiming: Iceblast
Press: ? - help, Shift-Dir - straight line, f/p - Urug
Aim: Urug, wielding a +2 halberd, wearing a +0 scale mail and quivering silver javelins (almost dead)
The mass of ice explodes!
The iceblast engulfs Urug.
Urug is almost dead.
You hear a shout!
Urug hits you from afar with a +2 halberd!!
You die...

#....## #####....#.
.$..B..........#<
...5..........'.
###.............#.
..#.o...........#. #.#
............#. #.#
..>........## ###.###@#
#'####......
........####....#######.
##....[.o.......[.....'.
#.#'#+##..#####......# #
#. #..#...##'##..# #
#..#.......#..#
#..#.......#..#
#..#.......#..#
#..#.......#..##


You could see Urug.

Vanquished Creatures
  Pikel (D:9)
  A gargoyle (D:10)
  Maggie (D:7)
  An ancient zyme (Abyss:1)
  A vampire (D:10)
  Eustachio (D:6)
  4 yaks (D:10)
  3 ice beasts
  A black bear (D:7)
  2 necrophages
  3 ogres
  5 orc warriors
  A sky beast (D:8)
  2 centaurs
  A lemure (D:8)
  A small abomination (Abyss:1)
  7 bullfrogs
  2 kobold brigands
  A gnoll sergeant (D:10)
  A wyvern skeleton (D:6)
  A water moccasin skeleton (D:7)
  A scorpion (D:4)
  3 wights (D:8)
  2 howler monkeys (D:7)
  2 centaur zombies
  A bullfrog zombie (D:5)
  8 hounds
  A quasit (D:7)
  3 orc priests
  3 jellies
  A centaur skeleton (D:4)
  An iron imp (Abyss:1)
  A bullfrog skeleton (D:10)
  5 orc wizards
  An iguana (D:10)
  6 worker ants
  A killer bee zombie (D:10)
  A hound skeleton (D:4)
  A howler monkey zombie (D:5)
  17 gnolls
  8 adders
  5 shadow imps
  2 white imps
  2 ufetubi
  An ooze (D:7)
  An adder skeleton (D:5)
  An adder zombie (D:7)
  3 worms
  2 dart slugs (D:1)
  4 leopard geckos
  24 orcs
  8 giant cockroaches
  22 goblins
  21 hobgoblins
  5 jackals
  2 quokkas
  3 ball pythons
  3 bats
  4 frilled lizards
  28 kobolds
  6 rats
  A spectral orc (D:5)
256 creatures vanquished.

Vanquished Creatures (others)
  2 plants (D:4)
  5 toadstools (D:2)
7 creatures vanquished.

Grand Total: 263 creatures vanquished

Notes
Turn   | Place    | Note
-------+----------+-------------------------------------------
     0 | Abyss:1  | shoop the Palentonga Abyssal Knight began the quest for the
                  | Orb.
     0 | Abyss:1  | Reached XP level 1. HP: 20/20 MP: 2/2
    40 | Abyss:1  | Noticed an iron imp
    59 | D:1      | Escaped the Abyss
   214 | D:1      | Reached XP level 2. HP: 18/27 MP: 3/3
   435 | D:1      | Reached skill level 3 in Axes
   532 | D:1      | Reached ** piety under Lugonu
   761 | D:1      | Reached XP level 3. HP: 28/33 MP: 4/4
  1360 | D:2      | Found a faded altar of an unknown god.
  1496 | D:2      | Reached XP level 4. HP: 27/40 MP: 6/6
  2381 | D:3      | Reached skill level 4 in Axes
  2381 | D:3      | Reached skill level 1 in Throwing
  2919 | D:3      | Found a burning altar of Makhleb.
  3021 | D:3      | Reached XP level 5. HP: 48/48 MP: 7/7
  3084 | D:3      | Found an iron altar of Okawaru.
  3197 | D:4      | Reached *** piety under Lugonu
  3280 | D:4      | Found a snail-covered altar of Cheibriados.
  3309 | D:4      | Learned a level 2 spell: Swiftness
  3674 | D:4      | Found a glowing silver altar of Zin.
  3775 | D:4      | Reached XP level 6. HP: 46/54 MP: 9/9
  3841 | D:4      | Reached skill level 5 in Axes
  4140 | D:4      | Reached skill level 1 in Spellcasting
  4223 | D:4      | Reached skill level 1 in Air Magic
  4673 | D:5      | Entered Level 5 of the Dungeon
  4681 | D:5      | Identified the +0 robe of Circular Logic {Rampage Will+
                  | Int+2}
  5019 | D:5      | Gained mutation: You curl defensively after being hit.
                  | [Palentonga growth]
  5019 | D:5      | Reached XP level 7. HP: 19/60 MP: 10/10
  5300 | D:5      | Reached skill level 6 in Axes
  5311 | D:5      | Reached skill level 5 in Invocations
  5866 | D:5      | Found a shadowy altar of Dithmenos.
  6043 | D:5      | Found a basalt altar of Yredelemnul.
  6254 | D:6      | Reached **** piety under Lugonu
  6444 | D:6      | Reached skill level 1 in Shields
  6739 | D:6      | Reached skill level 7 in Axes
  6974 | D:6      | Noticed Eustachio
  6986 | D:6      | Killed Eustachio
  6987 | D:6      | Reached XP level 8. HP: 34/67 MP: 12/12
  7526 | D:7      | Noticed Maggie
  7613 | D:7      | Reached skill level 8 in Axes
  8366 | D:7      | Reached skill level 1 in Evocations
  8493 | D:7      | Found an opulent altar of Gozag.
  8517 | D:7      | Reached skill level 9 in Axes
  8517 | D:7      | Reached XP level 9. HP: 70/73 MP: 14/14
  9092 | D:7      | Killed Maggie
  9356 | D:7      | Found a staircase to the Ecumenical Temple.
  9401 | D:8      | Identified the +1 robe "Lufeetah" {Str+4}
  9469 | D:8      | Found a glowing golden altar of the Shining One.
  9498 | D:8      | Noticed Joseph
  9500 | D:8      | Banished Joseph
  9501 | D:8      | Reached skill level 10 in Axes
  9698 | D:8      | Found a flagged portal.
  9859 | D:8      | Found a hazy altar of Hepliaklqana.
  9860 | D:8      | Found a shimmering altar of Xom.
  9862 | D:8      | Noticed a spectral ugly thing
  9882 | D:8      | Found Xualis's Armour Shop.
  9887 | D:8      | Bought a +0 pair of gloves of dexterity for 115 gold pieces
  9958 | Bailey   | Entered a bailey
 10619 | Bailey   | Reached skill level 11 in Axes
 11105 | D:8      | Noticed a moth of wrath
 11108 | D:8      | Noticed srzhan31's ghost (novice GrCj)
 11110 | D:8      | Found a transporter.
 11251 | D:8      | Found a transporter.
 11670 | D:8      | Reached XP level 10. HP: 82/82 MP: 15/15
 11980 | D:9      | Noticed a two-headed ogre
 11985 | D:9      | Banished a two-headed ogre
 12384 | D:9      | Reached skill level 12 in Axes
 12607 | D:9      | Noticed Pikel
 12762 | D:9      | Noticed Erolcha
 12763 | D:9      | Cast into level 1 of the Abyss (Erolcha)
 12772 | Abyss:1  | Found a corrupted altar of Lugonu.
 12798 | Abyss:1  | Noticed a will-o-the-wisp
 12911 | Abyss:1  | Noticed a wretched star
 12957 | Abyss:1  | Noticed a rust devil
 12967 | D:9      | Escaped the Abyss
 13027 | D:9      | Reached XP level 11. HP: 100/105 MP: 17/17
 13067 | D:9      | Found an ancient bone altar of Kikubaaqudgha.
 13149 | D:9      | Killed Pikel
 13150 | D:9      | Reached skill level 10 in Fighting
 13415 | D:9      | Found a broken altar of Ashenzari.
 13568 | D:10     | Entered Level 10 of the Dungeon
 13576 | D:10     | Found a staircase to the Lair.
 13589 | D:10     | Noticed a two-headed ogre
 13591 | D:10     | Banished a two-headed ogre
 14215 | D:10     | Noticed Urug
 14237 | D:10     | Slain by Urug

Illustrated notes

Levels and vault maps discovered:
D:1:      nagdon_arrival_zigzag_paths, layout_basic
D:2:      minmay_wonky_spiral, layout_basic,
          chequers_ecumenical_altar_simple_redux, minmay_gold_behind_fungi
D:3:      layout_basic, lightli_temple_of_fire, kennysheep_okawaru_gauntlet
D:4:      corexii_shack_village, layout_loops_corners,
          overflow_temple_1_default, cheibriados_altar_1
D:5:      layout_cave_pods, nicolae_overflow_crystal_walls,
          yredelemnul_forgotten_temple_becter
D:6:      layout_loops_ring, nicolae_overflow_hidden_temple, uniq_eustachio
D:7:      cheibrodos_helix_gallery, layout_basic, lemuel_doored_altar,
          minmay_temple_entry_from_below_a, uniq_maggie
D:8:      layout_loops_corners, regret_index_temple_of_mockery,
          old_standard_altar, gammafunk_ghost_berserking_beasts, serial_shops,
          nicolae_shop_statue_plus, enter_bailey_3, uniq_joseph
D:9:      layout_loops_ring, lemuel_coloured_pillars_altar,
          ashenzari_conservatory_becter, uniq_pikel, uniq_erolcha
D:10:     layout_irregular_city, lair_entry_dummy, david_orc_5,
          grunt_qazlal_clouds, uniq_urug

Skill      XL: |  1  2  3  4  5  6  7  8  9 10 11 |
---------------+----------------------------------+-----
Axes           | 3 4 5 7 9 11 12 | 12.7
Invocations    | 3 4 5 7 8 9 |  9.9
Throwing       | 1 |  1.0
Spellcasting   | 1 |  1.0
Air Magic      | 1 |  1.0
Shields        | 1 2 |  2.4
Armour         | 2 |  2.0
Evocations     | 1 3 |  3.0
Fighting       | 9 10 | 10.0
Dodging        | |  0.7

Action                   |  1- 3 |  4- 6 |  7- 9 | 10-12 || total
-------------------------+-------+-------+-------+-------++-------
Melee: Hand axe          |   114 |    37 |       |       ||   151
       Tailslap          |    12 |    21 |    60 |    15 ||   108
       Whip              |       |   140 |   335 |       ||   475
       Halberd           |       |       |    64 |   130 ||   194
       Broad axe         |       |       |    12 |       ||    12
Throw: Dart              |       |     2 |    44 |    14 ||    60
       Boomerang         |       |       |     4 |       ||     4
Invok: Banish            |       |       |     5 |     5 ||    10
       Bend Space        |       |       |     2 |     1 ||     3
       Depart the Abyss  |       |       |       |     1 ||     1
 Abil: Rolling Charge    |    24 |    17 |    25 |     2 ||    68
Evoke: Wand              |       |       |     2 |     3 ||     5
  Use: Scroll            |       |     1 |       |     7 ||     8
       Potion            |       |       |     1 |     1 ||     2
 Stab: Sleeping          |       |     3 |     2 |     2 ||     7
       Distracted        |       |       |       |     2 ||     2
Armor: Leather armour    |    36 |    35 |    18 |       ||    89
       Ring mail         |       |       |    52 |       ||    52
       Acid dragon scale |       |       |    29 |    27 ||    56
Dodge: Dodged            |    52 |    56 |   133 |    60 ||   301
Block: Buckler           |       |       |    54 |       ||    54

Table legend: (Time is in decaauts)
 A = Elapsed time spent in this place.
 B = Non-inter-level travel time spent in this place.
 C = Inter-level travel time spent in this place.
 D = Time resting spent in this place.
 E = Time spent auto-exploring this place.
 F = Levels seen in this place.
 G = Mean time per level.
                   A        B        C        D        E       F      G
               +--------+--------+--------+--------+--------+-----+--------+
         Total |  14257 |  13845 |    412 |   2056 |   9135 |  13 | 1096.7 |
       Dungeon |  13030 |  12618 |    412 |   1440 |   8923 |  10 | 1303.0 |
         Abyss |    265 |    265 |      0 |     98 |      0 |   2 |  132.5 |
        Bailey |    961 |    961 |      0 |    517 |    212 |   1 |  961.0 |
               +--------+--------+--------+--------+--------+-----+--------+

Top non-repeatable levels by time:
     D:7: 1790 daAuts
     D:9: 1597 daAuts
     D:4: 1475 daAuts
     D:5: 1465 daAuts
     D:8: 1453 daAuts
     D:6: 1408 daAuts
     D:3: 1091 daAuts
     D:1: 1043 daAuts
     D:2: 1020 daAuts
  Bailey: 961 daAuts
    D:10: 684 daAuts
 Abyss:1: 265 daAuts
